 Dungeon Crawl Stone Soup version 0.16.0 (webtiles) character file.

9217 MDvedh the Bludgeoner (level 11, 0/82 HPs)
             Began as a Minotaur Abyssal Knight on Mar 14, 2015.
             Was the Champion of Lugonu.
             Slain by a wraith (4 damage)
             ... led by Josephine
             ... on level 10 of the Dungeon.
             The game lasted 00:26:03 (7772 turns).

MDvedh the Bludgeoner (Minotaur Abyssal Knight)     Turns: 7772, Time: 00:26:03

Health: 0/82       AC: 13    Str: 26    XL:     11   Next: 20%
Magic:  24/28      EV:  9    Int:  9    God:    Lugonu [******]
Gold:   428        SH:  0    Dex:  9    Spells: 0 memorised, 10 levels left

rFire  . . .     SeeInvis .     q - -1 eveningstar "Cearan" {drain, Str+5}
rCold  + . .     Clarity  .     A - +0 chain mail "Kinebip" {rC+} (curse)
rNeg   . . .     SustAb   .     (no shield)
rPois  .         Gourm    .     (helmet restricted)
rElec  .         Spirit   .     u - +0 cloak
rCorr  .         Warding  .     (no gloves)
rMut   .         Stasis   .     (no boots)
MR     .....                    d - amulet of regeneration
Stlth  ..........               B - ring of magical power
                                v - ring of stealth

@: slowed, very slow, not resistant to hostile enchantments, extremely
unstealthy
A: retaliatory headbutt, horns 2
a: Depart the Abyss, Bend Space, Banish, Corrupt, Enter the Abyss, Renounce
Religion


You were on level 10 of the Dungeon.
You worshipped Lugonu.
Lugonu was exalted by your worship.
You were very hungry.

You visited 1 branch of the dungeon, and saw 10 of its levels.
You visited the Abyss 1 time.

You collected 675 gold pieces.
You spent 247 gold pieces at shops.

Inventory:

Hand weapons
 b - a +0 flail of flaming
 q - the -1 eveningstar "Cearan" (weapon) {drain, Str+5}
   (You found it on level 8 of the Dungeon)

   A truly terrible weapon, it drains the life of those it strikes.
   It affects your strength (+5).
Armour
 u - a +0 cloak (worn)
 A - the cursed +0 chain mail "Kinebip" (worn) {rC+}
   (You bought it in a shop on level 4 of the Dungeon)

   It protects you from cold.
   It has a curse placed upon it.
Jewellery
 d - an amulet of regeneration (around neck)
 v - a ring of stealth (left hand)
 B - a ring of magical power (right hand)
Magical devices
 a - a wand of confusion (9)
 e - a wand of enslavement (13)
 n - a wand of paralysis (11)
 p - a wand of slowing (31)
 t - a wand of polymorph (1)
 w - a wand of draining (9)
 y - a wand of slowing (20)
 z - a wand of digging (6)
 E - a wand of teleportation (3)
 G - a wand of magic darts (29)
Scrolls
 i - 6 scrolls of identify
 j - 4 scrolls of blinking
 k - 2 scrolls of fog
 x - 2 scrolls of enchant weapon
 H - a scroll of remove curse
Potions
 f - a potion of brilliance
 g - 2 potions of curing
 m - 3 potions of heal wounds
 o - a potion of agility
 r - 2 potions of might
 s - 2 potions of restore abilities
Comestibles
 c - 2 bread rations
 h - 6 fruits
 l - 2 beef jerkies
 D - 2 slices of pizza
 F - 4 meat rations


   Skills:
 - Level 3.6 Fighting
 + Level 15.1 Maces & Flails
 + Level 10.0 Armour
 - Level 1.1 Dodging
 + Level 8.3 Invocations


You had 10 spell levels left.
You didn't know any spells.

Dungeon Overview and Level Annotations

Branches:
Dungeon (10/15)            Temple (0/1) D:5            Lair (0/8) D:9
    Orc: D:9-12

Altars:
Ashenzari
Fedhas
Gozag
Okawaru
Xom
Yredelemnul
Zin

Shops:
D:4 *


Innate Abilities, Weirdness & Mutations

You reflexively headbutt those who attack you in melee.
You have a pair of horns on your head.


Message History

The gargoyle is devoured by a tear in reality.
Lugonu claims a new guest.
You are feeling very hungry.
The wraith hits you but does no damage. The wraith barely misses you.
Unknown command.
You hit the wraith but do no damage.
You headbutt the wraith, but do no damage.
The wraith hits you!
* * * LOW HITPOINT WARNING * * *
The wraith drains your vigour!
You feel as though you will be slow longer.
* * * LOW HITPOINT WARNING * * *
The wraith hits you.
* * * LOW HITPOINT WARNING * * *
The wraith drains your vigour!
You feel as though you will be slow longer.
* * * LOW HITPOINT WARNING * * *
You hit the wraith but do no damage. Your headbutt misses the wraith.
The wraith hits you.
You die...

##### #. #.<.######
## #........### #
#...####...# # ##.##
###.# #.# #.########
#.# #..).....###
#.### ######......
#ยง#@## #.#.###
#.W#W#########.#.[##
#...#.....$.##.##.##
##...#.......#......
##)##.......####...
####)##........# #...
#..........<$........
#.##.##..#####>##....
# #.#...... #...#


You could see 2 wraiths.

Vanquished Creatures
  A centaur warrior (D:9)
  Erolcha (D:10)
  2 centaur zombies (D:9)
  Joseph (D:7)
  The ghost of Warcislaw the Cleaver, an experienced MiBe of Trog (D:6)
  Grinder (D:3)
  Prince Ribbit (D:5)
  3 wraiths (D:10)
  A deep elf mage (D:10)
  4 yaks (D:9)
  A hippogriff (D:7)
  A deep elf fighter (D:9)
  2 orc warriors
  4 ice beasts
  A sky beast (D:5)
  4 centaurs
  3 phantoms
  3 black bears
  6 ogres
  2 crocodiles (D:9)
  Duvessa (D:6)
  3 big kobolds
  5 giant frogs
  A wyvern skeleton (D:9)
  A water moccasin skeleton (D:4)
  4 scorpions
  9 killer bees
  3 crimson imps
  Dowan (D:7)
  A giant frog skeleton (D:8)
  A giant frog zombie (D:8)
  3 orc priests
  5 hounds
  Crazy Yiuf (D:5)
  2 iguanas
  5 centaur skeletons
  6 orc wizards
  Natasha (thrice) (D:3)
  3 worker ants
  2 hound skeletons
  A mummy (D:8)
  12 adders
  6 gnolls (D:6)
  4 river rats (D:9)
  A worm (D:4)
  2 giant mites
  2 adder skeletons
  2 adder zombies
  6 giant geckos
  31 orcs
  21 bats
  7 giant cockroaches
  10 goblins
  11 hobgoblins
  A quokka (D:7)
  A giant gecko skeleton (D:5)
  A giant gecko zombie (D:9)
  3 giant newts
  4 jackals (D:1)
  34 kobolds
  18 rats
  2 ballistomycetes (D:6)
283 creatures vanquished.

Vanquished Creatures (others)
  A gargoyle (D:10)
  A giant spore (D:6)
2 creatures vanquished.

Grand Total: 285 creatures vanquished

Notes
Turn   | Place    | Note
--------------------------------------------------------------
     0 | Abyss:1  | MDvedh, the Minotaur Abyssal Knight, began the quest for the Orb.
     0 | Abyss:1  | Reached XP level 1. HP: 19/19 MP: 1/1
     0 | D:1      | Escaped the Abyss
   114 | D:1      | Acquired Lugonu's first power
   120 | D:1      | Reached XP level 2. HP: 21/26 MP: 1/1
   435 | D:2      | Noticed a moth of wrath
   531 | D:2      | Reached skill level 4 in Maces & Flails
   562 | D:2      | You fall through a shaft!
   574 | D:3      | Reached XP level 3. HP: 23/31 MP: 2/2
   648 | D:3      | Noticed Grinder
   662 | D:3      | Killed Grinder
   662 | D:3      | Reached skill level 7 in Maces & Flails
   662 | D:3      | Reached XP level 4. HP: 31/39 MP: 3/3
   662 | D:3      | Reached XP level 5. HP: 35/45 MP: 3/3
   901 | D:3      | Noticed Natasha
   910 | D:3      | Killed Natasha
   910 | D:3      | Reached XP level 6. HP: 46/51 MP: 4/4
   997 | D:3      | Found a basalt altar of Yredelemnul.
  1035 | D:3      | Found a shimmering altar of Xom.
  1036 | D:3      | Found a shattered altar of Ashenzari.
  1043 | D:3      | Found an iron altar of Okawaru.
  1134 | D:3      | Acquired Lugonu's second power
  1148 | D:3      | Found an opulent altar of Gozag.
  1149 | D:3      | Found a glowing silver altar of Zin.
  1184 | D:3      | Noticed Natasha
  1189 | D:3      | Killed Natasha
  1242 | D:3      | Noticed Natasha
  1246 | D:3      | Killed Natasha
  1438 | D:4      | Found Laess' Assorted Antiques.
  1450 | D:4      | Reached skill level 8 in Maces & Flails
  1597 | D:4      | Reached skill level 9 in Maces & Flails
  1685 | D:4      | Reached XP level 7. HP: 57/57 MP: 4/4
  2077 | D:4      | Acquired Lugonu's third power
  2306 | D:5      | Entered Level 5 of the Dungeon
  2362 | D:5      | Reached skill level 10 in Maces & Flails
  2383 | D:5      | Found a staircase to the Ecumenical Temple.
  2392 | D:5      | Noticed Prince Ribbit
  2426 | D:5      | Killed Prince Ribbit
  2426 | D:5      | Reached skill level 11 in Maces & Flails
  2514 | D:5      | Reached XP level 8. HP: 64/64 MP: 5/5
  2911 | D:5      | Acquired Lugonu's fourth power
  2926 | D:5      | Noticed Crazy Yiuf
  2938 | D:5      | Killed Crazy Yiuf
  3234 | D:6      | Reached skill level 12 in Maces & Flails
  3252 | D:6      | Noticed Warcislaw's ghost (experienced MiBe)
  3274 | D:6      | Killed Warcislaw's ghost
  3341 | D:6      | Reached skill level 13 in Maces & Flails
  3428 | D:6      | Reached XP level 9. HP: 53/70 MP: 6/6
  3779 | D:6      | Reached skill level 14 in Maces & Flails
  3843 | D:4      | Bought an obsidian-encrusted chain mail for 247 gold pieces
  3853 | D:4      | Identified the +0 chain mail "Kinebip" {rC+} (You bought it in a shop on level 4 of the Dungeon)
  3938 | D:6      | Acquired Lugonu's fifth power
  4415 | D:7      | Reached skill level 5 in Armour
  4642 | D:7      | Noticed Dowan
  4644 | D:7      | Noticed Duvessa
  4646 | D:7      | Noticed Joseph
  4654 | D:7      | Killed Dowan
  4688 | D:6      | Killed Duvessa
  4861 | D:6      | Reached skill level 5 in Invocations
  4992 | D:7      | Killed Joseph
  5138 | D:7      | Reached XP level 10. HP: 75/77 MP: 13/13
  5177 | D:8      | Got a translucent eveningstar
  5178 | D:8      | Identified the cursed -1 eveningstar "Cearan" {drain, Str+5} (You found it on level 8 of the Dungeon)
  5203 | D:8      | Found a blossoming altar of Fedhas.
  6339 | D:9      | Noticed a centaur warrior
  6345 | D:9      | Killed a centaur warrior
  6473 | D:9      | Identified Cigotuvi's Reference Book on Transformation
  7258 | D:9      | Found a staircase to the Lair.
  7361 | D:10     | Entered Level 10 of the Dungeon
  7541 | D:10     | Reached XP level 11. HP: 78/82 MP: 18/18
  7615 | D:10     | Reached skill level 15 in Maces & Flails
  7739 | D:10     | Noticed Erolcha
  7760 | D:10     | Killed Erolcha
  7760 | D:10     | Reached skill level 10 in Armour
  7771 | D:10     | HP: 4/82 [wraith[Josephine] (4)]
  7772 | D:10     | Slain by a wraith

Action                   |  1- 3 |  4- 6 |  7- 9 | 10-12 || total
-------------------------+-------+-------+-------+-------++-------
Melee: Mace              |    58 |    67 |   393 |       ||   518
       Flail             |       |       |    24 |     2 ||    26
       Eveningstar       |       |       |       |   206 ||   206
Invok: Depart the Abyss  |     1 |       |       |       ||     1
       Banish            |       |       |       |     1 ||     1
  Use: Scroll            |       |       |    16 |     4 ||    20
       Potion            |       |       |     2 |     1 ||     3
  Eat: Chunk             |       |     3 |     7 |     3 ||    13
       Fruit             |       |       |     1 |       ||     1
       Beef jerky        |       |       |     1 |     1 ||     2
       Meat ration       |       |       |     1 |       ||     1
       Bread ration      |       |       |       |     1 ||     1
